TOP OF THE 1ST |
Austin River Sharks batting - Pitching for Baffin Island Beavers : RHP Thierry Garneau
|
Pitching: RHP Thierry Garneau
|
|
Batting: RHB Orlando Bruno
|
0-0: Ground out 5-3 (Groundball, 56)
|
Batting: RHB Carlos Guzmán
|
0-0: Ground out 5-3 (Groundball, 56S)
|
Batting: SHB Juan Castro
|
0-0: Called Strike 0-1: Ball 1-1: Foul Ball, location: 2F 1-2: Ground out 4-3 (Groundball, 4S)
|
Top of the 1st over - 0 run(s), 0 hit(s), 0 error(s), 0 left on base; Austin 0 - Baffin Island 0 |
BOTTOM OF THE 1ST |
Baffin Island Beavers batting - Pitching for Austin River Sharks : LHP Francisco Pérez
|
Pitching: LHP Francisco Pérez
|
|
Batting: LHB Chris Bates
|
0-0: Called Strike 0-1: Swinging Strike 0-2: Strikes out swinging
|
Batting: SHB Alonso Ferreira
|
0-0: Called Strike 0-1: Ball 1-1: Ball 2-1: Fly out, F9 (Line Drive, 9)
|
Batting: LHB Lorenzo Villa
|
0-0: Ball 1-0: Ball 2-0: Ball 3-0: Base on Balls
|
Batting: RHB Dave Craig
|
0-0: Called Strike 0-1: Swinging Strike 0-2: Ball 1-2: Ball 2-2: Ball 3-2: Strikes out looking
|
Bottom of the 1st over - 0 run(s), 0 hit(s), 0 error(s), 1 left on base; Austin 0 - Baffin Island 0 |
TOP OF THE 2ND |
Austin River Sharks batting - Pitching for Baffin Island Beavers : RHP Thierry Garneau
|
Batting: LHB Pedro Zaragoza
|
0-0: Ball 1-0: Ball 2-0: Called Strike 2-1: Foul Ball, location: 2F 2-2: Fly out, F7 (Line Drive, 7LS)
|
Batting: RHB Kenneth Roberts
|
0-0: Called Strike 0-1: Fly out, F5 (Line Drive, 56)
|
Batting: LHB Harry Pitts
|
0-0: Swinging Strike 0-1: Foul Ball, location: 2F 0-2: Strikes out swinging
|
Top of the 2nd over - 0 run(s), 0 hit(s), 0 error(s), 0 left on base; Austin 0 - Baffin Island 0 |
BOTTOM OF THE 2ND |
Baffin Island Beavers batting - Pitching for Austin River Sharks : LHP Francisco Pérez
|
Batting: LHB Norberto Muñóz
|
0-0: Ball 1-0: Ball 2-0: Called Strike 2-1: Foul Ball, location: 2F 2-2: Ball 3-2: Fly out, F7 (Flyball, 7LM)
|
Batting: RHB Raúl Soto
|
0-0: Called Strike 0-1: Hit by Pitch
|
Batting: LHB Keng-chi Lao
|
0-0: Called Strike 0-1: Swinging Strike Raúl Soto steals 2nd base 0-2: Ball 1-2: Fly out, F9 (Flyball, 9LS)
|
Batting: LHB José Román
|
0-0: Ball 1-0: Called Strike 1-1: Swinging Strike 1-2: SINGLE (Groundball, 34D) Raúl Soto to third Runner from 3rd tries for Home, SAFE, no throw
|
Batting: LHB Mike MacFadden
|
0-0: Foul Ball, location: 2F 0-1: 2-RUN HOME RUN (Line Drive, 9D), Distance : 428 ft
|
Batting: LHB Chris Bates
|
0-0: Ball 1-0: Ball 2-0: Ground out 4-3 (Groundball, 4)
|
Bottom of the 2nd over - 3 run(s), 2 hit(s), 0 error(s), 0 left on base; Austin 0 - Baffin Island 3 |
TOP OF THE 3RD |
Austin River Sharks batting - Pitching for Baffin Island Beavers : RHP Thierry Garneau
|
Batting: LHB Terry Maloney
|
0-0: Ball 1-0: Ball 2-0: Called Strike 2-1: Ball 3-1: Called Strike 3-2: Base on Balls
|
Batting: RHB Clark Hodge
|
0-0: Ball 1-0: Foul Ball, location: 2F 1-1: Foul Ball, location: 2F 1-2: Ball 2-2: SINGLE (Groundball, 4MD) Terry Maloney to second
|
Batting: SHB Juan Acevado
|
0-0: Foul Ball, location: 2F 0-1: 3-RUN HOME RUN (Flyball, 7D), Distance : 436 ft
|
Batting: RHB Orlando Bruno
|
0-0: Ball 1-0: Fly out, F7 (Flyball, 78M)
|
Batting: RHB Carlos Guzmán
|
0-0: Ball 1-0: Foul Ball, location: 2F 1-1: Swinging Strike 1-2: Ball 2-2: Foul Ball, location: 2F 2-2: Ball 3-2: Foul Ball, location: 2F 3-2: Foul Ball, location: 2F 3-2: Strikes out swinging
|
Batting: SHB Juan Castro
|
0-0: Ball 1-0: Ground out 3-1 (Groundball, 34)
|
Top of the 3rd over - 3 run(s), 2 hit(s), 0 error(s), 0 left on base; Austin 3 - Baffin Island 3 |
BOTTOM OF THE 3RD |
Baffin Island Beavers batting - Pitching for Austin River Sharks : LHP Francisco Pérez
|
Batting: SHB Alonso Ferreira
|
0-0: Called Strike 0-1: SINGLE (Groundball, 56D)
|
Batting: LHB Lorenzo Villa
|
0-0: Grounds into double play, 4-6-3 (Groundball, 4)
|
Batting: RHB Dave Craig
|
0-0: Ball 1-0: Ball 2-0: Ball 3-0: Base on Balls
|
Batting: LHB Norberto Muñóz
|
0-0: Ball 1-0: Ball 2-0: Called Strike 2-1: Ball 3-1: Ground out 1-3 (Groundball, 13)
|
Bottom of the 3rd over - 0 run(s), 1 hit(s), 0 error(s), 1 left on base; Austin 3 - Baffin Island 3 |
TOP OF THE 4TH |
Austin River Sharks batting - Pitching for Baffin Island Beavers : RHP Thierry Garneau
|
Batting: LHB Pedro Zaragoza
|
0-0: Ball 1-0: Ground out 4-3 (Groundball, 4)
|
Batting: RHB Kenneth Roberts
|
0-0: Called Strike 0-1: Ball 1-1: Ball 2-1: Ball 3-1: DOUBLE (Groundball, 5L)
|
Batting: LHB Harry Pitts
|
0-0: Ball 1-0: Called Strike 1-1: Ball 2-1: Ground out U3 (Groundball, 34) Kenneth Roberts to third
|
Batting: LHB Terry Maloney
|
0-0: Foul Ball, location: 2F 0-1: Foul Ball, location: 2F 0-2: Ball 1-2: Ball 2-2: Strikes out swinging
|
Top of the 4th over - 0 run(s), 1 hit(s), 0 error(s), 1 left on base; Austin 3 - Baffin Island 3 |
BOTTOM OF THE 4TH |
Baffin Island Beavers batting - Pitching for Austin River Sharks : LHP Francisco Pérez
|
Batting: RHB Raúl Soto
|
0-0: Foul Ball, location: 2F 0-1: Called Strike 0-2: Fly out, F8 (Flyball, 8LD)
|
Batting: LHB Keng-chi Lao
|
0-0: Swinging Strike 0-1: Ball 1-1: Foul Ball, location: 2F 1-2: Ball 2-2: Reached on error, E3 (Groundball, 34)
|
Batting: LHB José Román
|
0-0: SINGLE (Groundball, 3D) Keng-chi Lao to second Runner from 2nd tries for 3rd, SAFE, throw made to third
|
Batting: LHB Mike MacFadden
|
0-0: Ball 1-0: Ball 2-0: Ball 3-0: Called Strike 3-1: Base on Balls José Román to second
|
Batting: LHB Chris Bates
|
0-0: Ball 1-0: Ball 2-0: Grounds into double play, 4-6-3 (Groundball, 4)
|
Bottom of the 4th over - 0 run(s), 1 hit(s), 1 error(s), 2 left on base; Austin 3 - Baffin Island 3 |
TOP OF THE 5TH |
Austin River Sharks batting - Pitching for Baffin Island Beavers : RHP Thierry Garneau
|
Batting: RHB Clark Hodge
|
0-0: Foul Ball, location: 2F 0-1: Called Strike 0-2: Ball 1-2: Fly out, F4 (Popup, 4D)
|
Batting: SHB Juan Acevado
|
0-0: Ball 1-0: Ball 2-0: Called Strike 2-1: Called Strike 2-2: Fly out, F4 (Line Drive, 4)
|
Batting: RHB Orlando Bruno
|
0-0: Ground out 5-3 (Groundball, 56)
|
Top of the 5th over - 0 run(s), 0 hit(s), 0 error(s), 0 left on base; Austin 3 - Baffin Island 3 |
BOTTOM OF THE 5TH |
Baffin Island Beavers batting - Pitching for Austin River Sharks : LHP Francisco Pérez
|
Batting: SHB Alonso Ferreira
|
0-0: Ball 1-0: Ball 2-0: Foul Ball, location: 2F 2-1: Fly out, F9 (Flyball, 9LDF)
|
Batting: LHB Lorenzo Villa
|
0-0: Ball 1-0: Foul Ball, location: 2F 1-1: Ball 2-1: SINGLE (Flyball, 89S)
|
Batting: RHB Dave Craig
|
0-0: Swinging Strike 0-1: Ball 1-1: Ball 2-1: Called Strike 2-2: Ball 3-2: DOUBLE (Line Drive, 7D) Lorenzo Villa to third
|
Batting: LHB Norberto Muñóz
|
0-0: Ball 1-0: Ball 2-0: Ball 3-0: Base on Balls
|
Batting: RHB Raúl Soto
|
0-0: Ball 1-0: Called Strike 1-1: Swinging Strike 1-2: Reached on error, E6 (Groundball, 6) Lorenzo Villa scores Dave Craig to third Norberto Muñóz to second
|
Batting: LHB Keng-chi Lao
|
0-0: SINGLE (Groundball, 34D) Dave Craig scores Norberto Muñóz to third Raúl Soto to second Runner from 3rd tries for Home, SAFE, throw made home Raúl Soto to third Keng-chi Lao to second
|
Pitching: RHP Ramón Estrada
|
|
Batting: LHB José Román
|
0-0: Ball 1-0: Ball 2-0: Called Strike 2-1: Called Strike 2-2: Ball 3-2: Strikes out swinging
|
Batting: LHB Mike MacFadden
|
0-0: Fly out, F1 (Line Drive, 15)
|
Bottom of the 5th over - 3 run(s), 3 hit(s), 1 error(s), 2 left on base; Austin 3 - Baffin Island 6 |
TOP OF THE 6TH |
Austin River Sharks batting - Pitching for Baffin Island Beavers : RHP Thierry Garneau
|
Batting: RHB Carlos Guzmán
|
0-0: Foul Ball, location: 2F 0-1: Foul Ball, location: 2F 0-2: Foul Ball, location: 2F 0-2: Ball 1-2: Foul Ball, location: 2F 1-2: Foul Ball, location: 2F 1-2: Ball 2-2: Ground out 6-3 (Groundball, 6)
|
Batting: SHB Juan Castro
|
0-0: Ball 1-0: Ground out U3 (Groundball, 34S)
|
Batting: LHB Pedro Zaragoza
|
0-0: Ground out 6-3 (Groundball, 6)
|
Top of the 6th over - 0 run(s), 0 hit(s), 0 error(s), 0 left on base; Austin 3 - Baffin Island 6 |
BOTTOM OF THE 6TH |
Baffin Island Beavers batting - Pitching for Austin River Sharks : RHP Ramón Estrada
|
Batting: LHB Chris Bates
|
0-0: Foul Ball, location: 2F 0-1: Foul Ball, location: 2F 0-2: Fly out, F5 (Line Drive, 6)
|
Batting: SHB Alonso Ferreira
|
0-0: Ball 1-0: Ball 2-0: Ball 3-0: Base on Balls
|
Batting: LHB Lorenzo Villa
|
0-0: Swinging Strike Alonso Ferreira steals 2nd base 0-1: Foul Ball, location: 2F 0-2: Ball 1-2: Ball 2-2: SINGLE (Groundball, 3D) Alonso Ferreira to third
|
Batting: RHB Dave Craig
|
0-0: Ball 1-0: Ball 2-0: Called Strike 2-1: Fly out, F7 (Flyball, 78D) Runner from 3rd tags up, SCORES, throw made
|
Batting: LHB Norberto Muñóz
|
0-0: Foul Ball, location: 2F 0-1: Called Strike 0-2: Fielders Choice at 2nd, 4-6 (Groundball, 4)
|
Bottom of the 6th over - 1 run(s), 1 hit(s), 0 error(s), 0 left on base; Austin 3 - Baffin Island 7 |
TOP OF THE 7TH |
Austin River Sharks batting - Pitching for Baffin Island Beavers : RHP Thierry Garneau
|
Batting: RHB Kenneth Roberts
|
0-0: Fly out, F9 (Flyball, 9LS)
|
Batting: LHB Harry Pitts
|
0-0: Ball 1-0: Ball 2-0: Called Strike 2-1: Foul Ball, location: 2F 2-2: Ball 3-2: Strikes out swinging
|
Batting: LHB Terry Maloney
|
0-0: DOUBLE (Line Drive, 8RD)
|
Batting: RHB Clark Hodge
|
0-0: Called Strike 0-1: Called Strike 0-2: Strikes out swinging
|
Top of the 7th over - 0 run(s), 1 hit(s), 0 error(s), 1 left on base; Austin 3 - Baffin Island 7 |
BOTTOM OF THE 7TH |
Baffin Island Beavers batting - Pitching for Austin River Sharks : RHP Ramón Estrada
|
Batting: RHB Raúl Soto
|
0-0: Ball 1-0: Ground out 1-3 (Groundball, 13)
|
Batting: LHB Keng-chi Lao
|
0-0: Fly out, F7 (Flyball, 7S)
|
Batting: LHB José Román
|
0-0: Foul Ball, location: 2F 0-1: Swinging Strike 0-2: Strikes out looking
|
Bottom of the 7th over - 0 run(s), 0 hit(s), 0 error(s), 0 left on base; Austin 3 - Baffin Island 7 |
TOP OF THE 8TH |
Austin River Sharks batting - Pitching for Baffin Island Beavers : RHP Thierry Garneau
|
Pitching: RHP Luis Féliz
|
|
Batting: SHB Juan Acevado
|
0-0: Called Strike 0-1: Ball 1-1: Swinging Strike 1-2: Strikes out looking
|
Batting: RHB Orlando Bruno
|
0-0: Called Strike 0-1: Ball 1-1: Reaches on Catchers interference
|
Batting: RHB Carlos Guzmán
|
0-0: Ball 1-0: Ball 2-0: Called Strike 2-1: Grounds into double play, 4-3-6 (Groundball, 34)
|
Top of the 8th over - 0 run(s), 0 hit(s), 1 error(s), 0 left on base; Austin 3 - Baffin Island 7 |
BOTTOM OF THE 8TH |
Baffin Island Beavers batting - Pitching for Austin River Sharks : RHP Ramón Estrada
|
Batting: LHB Mike MacFadden
|
0-0: Ball 1-0: Ball 2-0: SINGLE (Groundball, 34D)
|
Batting: LHB Chris Bates
|
0-0: Ball 1-0: Foul Ball, location: 2F 1-1: Foul Ball, location: 2F 1-2: Ball 2-2: Ball 3-2: Base on Balls Mike MacFadden to second
|
Batting: SHB Alonso Ferreira
|
0-0: Called Strike 0-1: Bunted foul 0-2: Ball 1-2: Foul Ball, location: 2F 1-2: SINGLE (Line Drive, 8RS) Mike MacFadden to third Chris Bates to second
|
Batting: LHB Lorenzo Villa
|
0-0: Ground out U3 (Groundball, 3S) Mike MacFadden scores Chris Bates to third Alonso Ferreira to second
|
Pitching: LHP John Whitaker
|
|
Batting: RHB Dave Craig
|
0-0: Ground out 6-3 (Groundball, 56) Chris Bates scores
|
Batting: LHB Norberto Muñóz
|
0-0: Ball 1-0: Called Strike 1-1: Ball 2-1: Swinging Strike 2-2: Ball 3-2: Foul Ball, location: 2F 3-2: Foul Ball, location: 2F 3-2: Foul Ball, location: 2F 3-2: Base on Balls
|
Batting: RHB Raúl Soto
|
0-0: Called Strike 0-1: Ball 1-1: Ball 2-1: Ball 3-1: Called Strike 3-2: Base on Balls Alonso Ferreira to third Norberto Muñóz to second
|
Batting: LHB Keng-chi Lao
|
0-0: Called Strike 0-1: SINGLE (Line Drive, 89S) Alonso Ferreira scores Norberto Muñóz to third Raúl Soto to second Runner from 3rd tries for Home, throw and OUT!
|
Bottom of the 8th over - 3 run(s), 3 hit(s), 0 error(s), 2 left on base; Austin 3 - Baffin Island 10 |
TOP OF THE 9TH |
Austin River Sharks batting - Pitching for Baffin Island Beavers : RHP Luis Féliz
|
Pinch Hitting: RHB Cristián Peña
|
0-0: Called Strike 0-1: Swinging Strike 0-2: Foul Ball, location: 2F 0-2: Ball 1-2: Strikes out swinging
|
Batting: LHB Pedro Zaragoza
|
0-0: Ball 1-0: Ball 2-0: SINGLE (Line Drive, 4MD)
|
Batting: RHB Kenneth Roberts
|
0-0: Called Strike 0-1: Ball 1-1: Called Strike 1-2: Foul Ball, location: 2F 1-2: Strikes out swinging
|
Batting: LHB Harry Pitts
|
0-0: Fielders Choice at 2nd, 4-6 (Groundball, 4)
|
Top of the 9th over - 0 run(s), 1 hit(s), 0 error(s), 0 left on base; Austin 3 - Baffin Island 10 |
|